 Dungeon Crawl Stone Soup version 0.20-a0-641-g673355a (webtiles) character file.

723 krabocopter the Sneak (level 7, -10/36 HPs)
             Began as a Vine Stalker Assassin on Feb 13, 2017.
             Mangled by Menkaure (15 damage)
             ... on level 6 of the Dungeon.
             The game lasted 00:19:43 (5517 turns).

krabocopter the Sneak (Vine Stalker Assassin)       Turns: 5517, Time: 00:19:44

Health: -10/36     AC:  7    Str: 14    XL:     7   Next: 71%
Magic:  0/8        EV: 12    Int: 11    God:
Gold:   313        SH:  0    Dex: 17    Spells: 6/6 levels left

rFire    + . .     SeeInvis .   a - +2 dagger
rCold    + . .     Gourm    .   q - +0 leather armour
rNeg     . . .     Faith    .   (no shield)
rPois    +         Spirit   +   k - +2 hat
rElec    +         Reflect  .   d - +0 cloak
rCorr    +         Harm     .   F - +0 pair of gloves
MR       .....                  (no boots)
Stlth    ++++......             (no amulet)
Regen    0.6/turn               (no ring)
MPRegen  0.2/turn               (no ring)

@: resistant, very slightly contaminated, invisible
A: fangs 2, regeneration 1, magic shield, antimagic bite, no potion heal 3, rot
immunity
a: no special abilities


You were on level 6 of the Dungeon.
You were hungry.

You visited 1 branch of the dungeon, and saw 6 of its levels.

You collected 313 gold pieces.

Inventory:

Hand Weapons
 a - a +2 dagger (weapon)
 b - a +0 blowgun
 j - a +0 falchion
 t - a +0 hunting sling of flaming
Missiles
 e - 8 poisoned needles
 f - 2 curare-tipped needles
Armour
 d - a +0 cloak (worn)
 k - a +2 hat (worn)
 q - a +0 leather armour (worn)
 F - a +0 pair of gloves (worn)
Magical Staves
 E - an uncursed staff of power
Wands
 s - a wand of enslavement (2/24)
Scrolls
 c - a scroll of blinking {unknown}
 m - a scroll of recharging {unknown}
 p - 2 scrolls of remove curse {unknown}
 r - 2 scrolls of identify
 x - 2 scrolls of teleportation {unknown}
Potions
 h - a potion of degeneration {unknown}
 i - a potion of brilliance {unknown}
 l - a potion of magic {unknown}
 o - a potion of haste {unknown}
 u - 2 potions of lignification {unknown}
 w - a potion of mutation {unknown}
 z - 2 potions of heal wounds {unknown}
 A - 2 potions of invisibility
 B - a potion of berserk rage {unknown}
 D - a potion of resistance
Comestibles
 g - 4 bread rations
 n - a meat ration
 v - 5 royal jellies
 C - 2 fruits


   Skills:
 + Level 3.2 Fighting
 + Level 5.1 Short Blades
 - Level 1.8 Throwing
 + Level 2.4 Dodging
 - Level 7.6 Stealth


You had 6 spell levels left.
You didn't know any spells.

Dungeon Overview and Level Annotations

Branches:
Dungeon (6/15)             Temple (0/1) D:6

Altars:

Annotations:
D:6 Blork the orc, Menkaure


Innate Abilities, Weirdness & Mutations

You have extremely sharp teeth.
Your natural rate of healing is unusually fast.
When hurt, damage is shared between your health and your magic reserves.
Your bite disrupts and absorbs the magic of your enemies.
Potions cannot restore your health.
You are immune to rotting.


Message History

You hit Menkaure. You hit Menkaure but do no damage. You bite Menkaure.
Menkaure's magic leaks into the air.
You drain his magic.
You feel invigorated. Menkaure casts a spell at you.
Pain shoots through your body!
You take 9 damage, and have 14/36 hp.
MASSIVE DAMAGE!!
You hit Menkaure but do no damage. Your bite misses Menkaure.
You hit Menkaure but do no damage. You bite Menkaure, but do no damage.
Menkaure completely misses you.
You hit Menkaure but do no damage. You bite Menkaure.
Menkaure's magic leaks into the air.
You drain his magic.
You feel invigorated. Menkaure hits you!
* * * LOW HITPOINT WARNING * * *
You take 11 damage, and have 4/36 hp.
MASSIVE DAMAGE!!
You now have 3/8 mp.
You fade into invisibility!
You are very lightly contaminated with residual magic.
It was a potion of resistance.
You feel protected. Menkaure hits you!!
You die...

### #.. #.# #.# #.# #.#
#M# #@# #.# #.# #####
#.# ###...######## #.#
#.............
######.###.#...#####.##
#..................#..)
##.###.###.#######.####
#.# #.# #.........#


You could see Menkaure.

Vanquished Creatures
  2 ice beasts
  2 bullfrogs
  A scorpion (D:6)
  A howler monkey (D:4)
  A bullfrog skeleton (D:6)
  An iguana (D:4)
  4 worker ants
  Robin (D:3)
  5 adders
  An adder skeleton (D:6)
  An adder zombie (D:5)
  4 worms
  5 dart slugs
  5 leopard geckos
  An orc (D:3)
  A ball python (D:2)
  6 bats
  5 giant cockroaches
  11 goblins
  9 hobgoblins
  6 jackals
  2 quokkas
  7 frilled lizards
  6 kobolds
  7 rats
95 creatures vanquished.

Vanquished Creatures (collateral kills)
  3 orcs (D:6)
3 creatures vanquished.

Grand Total: 98 creatures vanquished

Notes
Turn   | Place    | Note
-------+----------+-------------------------------------------
     0 | D:1      | krabocopter the Vine Stalker Assassin began the quest for the Orb.
     0 | D:1      | Reached XP level 1. HP: 11/11 MP: 2/2
   258 | D:1      | Reached skill level 5 in Stealth
   274 | D:1      | Reached XP level 2. HP: 8/15 MP: 3/3
   524 | D:1      | Reached XP level 3. HP: 14/18 MP: 4/4
  1502 | D:2      | Gained mutation: Your natural rate of healing is unusually fast. [Vine Stalker growth]
  1502 | D:2      | Reached XP level 4. HP: 23/23 MP: 5/5
  1959 | D:2      | Reached skill level 6 in Stealth
  2138 | D:3      | Noticed Robin
  2163 | D:3      | Killed Robin
  3033 | D:3      | Reached XP level 5. HP: 23/26 MP: 6/6
  3194 | D:4      | Noticed an ogre
  3418 | D:4      | Reached skill level 7 in Stealth
  3418 | D:4      | Reached XP level 6. HP: 30/30 MP: 7/7
  3428 | D:4      | Got a transparent ring mail
  3430 | D:4      | Identified the +1 ring mail of Ceut {rC+ Str+2 Dex-5} (You found it on level 4 of the Dungeon)
  3480 | D:4      | HP: 1/30 [worker ant (2)]
  3736 | D:3      | You fall through a shaft for 3 floors!
  3837 | D:6      | Reached skill level 1 in Dodging
  3908 | D:5      | Entered Level 5 of the Dungeon
  4100 | D:5      | Noticed an ice beast
  4472 | D:4      | Reached XP level 7. HP: 35/35 MP: 8/8
  5108 | D:5      | Reached skill level 5 in Short Blades
  5381 | D:6      | Found a staircase to the Ecumenical Temple.
  5405 | D:6      | Noticed Blork the orc
  5506 | D:6      | Noticed Menkaure
  5517 | D:6      | Mangled by Menkaure

Vault maps used:
D:1:      dpeg_arrival_rooms_with_view
D:3:      mumra_celtic_spiral_tile, first_bread, portal_sewer_entry_f,
          hangedman_decor_clover_reticule, minivault_23, uniq_robin
D:4:      kennysheep_generic_room_16
D:6:      minitemple, amethyst_overflow_temple_binary,
          minmay_temple_entry_large_hall, uniq_menkaure, uniq_blork_the_orc,
          uniq_pikel

Skill      XL: |  1  2  3  4  5  6  7 |
---------------+----------------------+-----
Stealth        | 5 6 7 |  7.6
Short Blades   | 2 3 4 5 |  5.1
Fighting       | 2 3 |  3.2
Dodging        | 1 2 |  2.4
Throwing       | |  1.8

Action                   |  1- 3 |  4- 6 |  7- 9 || total
-------------------------+-------+-------+-------++-------
Melee: Dagger            |    93 |   226 |    99 ||   418
       Bite              |    22 |    69 |    32 ||   123
Evoke: Wand              |       |       |     4 ||     4
  Use: Scroll            |       |     3 |       ||     3
       Potion            |       |     2 |     2 ||     4
 Stab: Sleeping          |    13 |    18 |     3 ||    34
       Invisible         |       |     1 |       ||     1
  Eat: Chunk             |     2 |     9 |     1 ||    12
       Fruit             |       |       |     2 ||     2
Armor: Robe              |    12 |    48 |       ||    60
       Leather armour    |       |       |    26 ||    26
Dodge: Dodged            |    42 |   111 |    46 ||   199
